 Dungeon Crawl Stone Soup version 0.22-a0-392-g5dc3fd9 (webtiles) character file.

20465 Serpenta the Archer (level 12, -8/88 HPs)
             Began as a Mummy Chaos Knight on May 1, 2018.
             Mangled by Fannar the anaconda (15 damage)
             ... on level 2 of the Lair of Beasts.
             The game lasted 00:36:49 (16448 turns).

Serpenta the Archer (Mummy Chaos Knight)           Turns: 16448, Time: 00:36:50

Health: -8/88      AC: 11    Str: 17    XL:     12   Next: 45%
Magic:  16/16      EV: 13    Int: 18    God:    Xom [..*...]
Gold:   1348       SH:  0    Dex: 12    Spells: 11/11 levels left

rFire    + . .     SeeInvis +   w - +8 longbow of Foumam {venom, rElec rC- MR+++ SInv}
rCold    + . .     Gourm    .   (shield currently unavailable)
rNeg     + + +     Faith    .   x - +3 leather armour of Kaheus {rF++ Int+4}
rPois    ∞         Spirit   .   f - +1 helmet
rElec    +         Reflect  .   o - +0 cloak
rCorr    .         Harm     .   i - +0 pair of gloves
MR       ++++.                  u - +0 pair of boots
Stlth    +.........             C - amulet of regeneration
HPRegen  0.64/turn              E - +2 ring of slaying
MPRegen  0.15/turn              k - ring of protection from cold

@: constricted
A: no food or potions, fire vulnerability, cold resistance 1, negative energy
resistance 3, torment resistance, unbreathing
a: Renounce Religion


You were on level 2 of the Lair of Beasts.
You worshipped Xom.
You were a toy of Xom.
You were not hungry.

You visited 2 branches of the dungeon, and saw 14 of its levels.
You also visited: Bailey.

You collected 1600 gold pieces.
You spent 252 gold pieces at shops.


Innate Abilities, Weirdness & Mutations

You do not eat or drink.
Your flesh is vulnerable to fire.
You are immune to poison.
Your flesh is cold resistant. (rC+)
You are immune to negative energy. (rN+++)
You are immune to unholy pain and torment.
You can survive without breathing.


   Skills:
 - Level 6.0 Fighting
   Level 3.1 Axes
 - Level 12.6 Bows
 - Level 1.5 Armour
 + Level 9.1 Dodging
 - Level 6.1 Evocations


You had 11 spell levels left.
You didn't know any spells.

Action                   |  1- 3 |  4- 6 |  7- 9 | 10-12 || total
-------------------------+-------+-------+-------+-------++-------
Melee: Hand axe          |    41 |       |       |       ||    41
       Dagger            |   113 |   141 |       |       ||   254
       Quarterstaff      |       |    53 |   207 |   224 ||   484
 Fire: Longbow           |       |       |    83 |   410 ||   493
Throw: Tomahawk          |       |     3 |     1 |    10 ||    14
Evoke: Wand              |       |     4 |     1 |    13 ||    18
       Lamp of fire      |       |       |       |     1 ||     1
  Use: Scroll            |     3 |     3 |     6 |     6 ||    18
Armor: Leather armour    |    36 |    59 |   128 |   132 ||   355
Dodge: Dodged            |    95 |    93 |   168 |   250 ||   606

Inventory:

Hand Weapons
 a - the +1 quarterstaff "Daishits" {crush, rC+ Int+2 Dex+3}
   (You found it on level 4 of the Dungeon)

   It inflicts extra damage upon your enemies.
   It affects your intelligence (+2).
   It affects your dexterity (+3).
   It protects you from cold.
 p - a +2 quarterstaff of chaos
 w - the +8 longbow of Foumam (weapon) {venom, rElec rC- MR+++ SInv}
   (You found it on level 5 of the Dungeon)

   It poisons the ammo it fires.
   It makes you vulnerable to cold.
   It insulates you from electricity.
   It affects your resistance to hostile enchantments.
   It lets you see invisible.
Missiles
 r - 37 tomahawks of returning
 t - 145 arrows (quivered)
Armour
 f - a +1 helmet (worn)
 g - a +4 scale mail of magic resistance
 i - a +0 pair of gloves (worn)
 o - a +0 cloak (worn)
 u - a +0 pair of boots (worn)
 x - the +3 leather armour of Kaheus (worn) {rF++ Int+4}
   (You found it on level 7 of the Dungeon)

   It affects your intelligence (+4).
   It greatly protects you from fire.
Jewellery
 k - a ring of protection from cold (right hand)
 l - an uncursed ring of teleportation
 y - an uncursed ring of fire
 z - an uncursed ring of stealth
 B - an uncursed amulet of guardian spirit
 C - an amulet of regeneration (around neck)
 E - a +2 ring of slaying (left hand)
Wands
 e - a wand of paralysis (8)
 A - a wand of flame (10)
 G - a wand of disintegration (14) {god gift}
 H - a wand of polymorph (12)
Scrolls
 b - 2 scrolls of blinking
 c - a scroll of enchant armour
 d - 6 scrolls of remove curse
 h - a scroll of identify
 j - 6 scrolls of teleportation
 m - a scroll of fear
 n - 3 scrolls of fog
 q - 3 scrolls of immolation
 s - a scroll of vulnerability
 v - 4 scrolls of enchant weapon
 F - a scroll of amnesia
Miscellaneous
 D - a lamp of fire
 I - a lightning rod (4/4)

.. . .# .####
.....#
###...#.#
#######.......#
(....(S@.....#
...###.##....#
## ....# ..#.
.# .# #


You could see Fannar the anaconda.

Vanquished Creatures
  A hydra (D:11)
  5 two-headed ogres
  An unseen horror (D:11)
  2 orc knights (Bailey)
  A manticore (D:9)
  2 ugly things
  2 cyclopes
  2 spiny frogs (Lair:1)
  A komodo dragon (D:8)
  3 trolls
  2 hornets (D:9)
  3 slime creatures (D:12)
  3 hippogriffs
  A vampire (D:11)
  A wraith (D:12)
  14 yaks
  A hungry ghost (D:10)
  A basilisk (Lair:1)
  2 vampire mosquitoes (D:12)
  A two-headed ogre zombie (D:10)
  3 soldier ants
  3 porcupines
  A hornet zombie (D:11)
  9 orc warriors
  3 sky beasts
  An eye of draining (D:12)
  4 black bears
  An ice beast (D:8)
  A necrophage (D:7)
  2 phantoms
  5 ogres
  A crocodile (D:9)
  4 centaurs
  A big kobold (D:10)
  15 bullfrogs
  A wyvern skeleton (D:10)
  6 scorpions
  2 troll zombies (D:10)
  5 howler monkeys
  4 wights (D:10)
  A quasit (D:7)
  2 crimson imps
  5 orc priests
  A gnoll shaman (D:9)
  6 jellies
  Crazy Yiuf (D:3)
  4 centaur skeletons
  5 hounds
  2 bullfrog skeletons (D:11)
  6 iguanas
  3 orc wizards
  8 worker ants
  5 ogre zombies (D:10)
  A hound zombie (D:5)
  2 hound skeletons
  A worker ant zombie (D:10)
  6 gnolls
  10 adders
  2 howler monkey skeletons
  A shadow imp (D:7)
  3 adder zombies
  2 adder skeletons
  A worm (D:3)
  5 leopard geckos
  54 orcs
  8 giant cockroaches
  16 goblins
  11 hobgoblins
  10 jackals
  25 kobolds
  8 quokkas
  4 bats
  4 frilled lizards
  A giant cockroach zombie (D:1)
  2 goblin skeletons (D:10)
  4 goblin zombies (D:10)
  3 hobgoblin skeletons (D:10)
  A hobgoblin zombie (D:10)
  A leopard gecko skeleton (D:5)
  4 orc skeletons (D:10)
  11 orc zombies (D:10)
  A quokka skeleton (D:5)
  9 rats
381 creatures vanquished.

Vanquished Creatures (collateral kills)
  2 yaks (D:9)
2 creatures vanquished.

Vanquished Creatures (others)
  A yak (D:9)
  36 fungi (D:9)
  22 plants (D:9)
59 creatures vanquished.

Grand Total: 442 creatures vanquished

Vault maps used:
D:1:      saegor_arrival_fortress
D:2:      chequers_ecumenical_altar_simple
D:3:      nicolae_overflow_hidden_temple, palyth_stone_intersect,
          uniq_crazy_yiuf_cottage
D:4:      cheibrodos_pilgrimage, temple_statues, first_ration, trog_book
D:5:      basic_altar
D:7:      amethyst_overflow_temple_binary
D:8:      serial_shops, shop
D:9:      vehumet_altar_wand_db, due_lair_maze_entry_diamond,
          hangedman_pestilent_swarm, nicolae_ru_awakened_eye
D:10:     zombieorc2_lemuel, enter_bailey_3, serial_shops,
          nicolae_shop_waterfront
D:12:     kennysheep_blocky_room
Lair:1:   minmay_lair_oklob_bushes, patterned_corridor
Lair:2:   regret_index_tunnel_blossom, swamp_mist, uniq_fannar
Bailey:   bailey_axe_1, bailey


Message History

Firing (i - inventory. (/) - cycle)
t - 147 arrows (quivered)
Press: ? - help, Shift-Dir - straight line, f/p - Fannar
Aim: Fannar the anaconda (heavily wounded, constricting you, poisoned)
You shoot an arrow. The arrow hits Fannar.
Fannar looks as sick as possible!
Fannar is heavily wounded.
Fannar misses you.
* * * LOW HITPOINT WARNING * * *
Fannar constricts you. Fannar barely misses you.
* * * LOW HITPOINT WARNING * * *
Fannar constricts you.
Firing (i - inventory. (/) - cycle)
t - 146 arrows (quivered)
Press: ? - help, Shift-Dir - straight line, f/p - Fannar
Aim: Fannar the anaconda (heavily wounded, constricting you, poisoned)
You shoot an arrow.
The arrow hits Fannar but does no damage.
Fannar looks as sick as possible!
Fannar is heavily wounded.
Fannar bites you!
You die...
Xom chuckles heartily!

Notes
Turn   | Place    | Note
-------+----------+-------------------------------------------
     0 | D:1      | Serpenta the Mummy Chaos Knight began the quest for the Orb.
     0 | D:1      | Reached XP level 1. HP: 18/18 MP: 1/1
   250 | D:1      | XOM: divination: detect creatures
   257 | D:1      | Reached XP level 2. HP: 20/24 MP: 2/2
   378 | D:1      | XOM: silly message
   591 | D:1      | XOM: harmless Tloc miscast
   660 | D:1      | XOM: smoke on damage
   661 | D:1      | XOM: harmless Air miscast
   866 | D:1      | Reached XP level 3. HP: 29/29 MP: 3/3
  1370 | D:2      | Found a faded altar of an unknown god.
  1566 | D:2      | XOM: summons 1 hostile demon
  1836 | D:2      | XOM: 1-stop teleportation journey
  2045 | D:2      | XOM: medium Fire miscast
  2564 | D:3      | Reached skill level 1 in Evocations
  2564 | D:3      | Reached XP level 4. HP: 27/37 MP: 4/4
  3051 | D:3      | XOM is BORED!
  3172 | D:3      | Found a hazy altar of Hepliaklqana.
  3345 | D:3      | Found a runed door.
  3349 | D:3      | Noticed Crazy Yiuf
  3352 | D:3      | Killed Crazy Yiuf
  3352 | D:3      | Reached XP level 5. HP: 43/43 MP: 6/6
  3496 | D:3      | XOM: harmless Fire miscast
  3776 | D:4      | Found a bloodstained altar of Trog.
  3953 | D:4      | XOM: divination: detect creatures
  4128 | D:4      | XOM: harmless Ice miscast
  4166 | D:4      | Reached skill level 5 in Fighting
  4202 | D:4      | XOM: summons 2 hostile demons
  4417 | D:4      | Got an ancient quarterstaff
  4418 | D:4      | Identified the +1 quarterstaff "Daishits" {crush, rC+ Int+2 Dex+3} (You found it on level 4 of the Dungeon)
  4489 | D:4      | Found a staircase to the Ecumenical Temple.
  4555 | D:4      | XOM: enchant monster (bad)
  4565 | D:4      | XOM: potion effect (haste)
  4570 | D:4      | Reached XP level 6. HP: 33/51 MP: 6/8
  4878 | D:4      | XOM: cast spell 'Disjunction'
  4881 | D:4      | XOM: confusion (+ monsters)
  5135 | D:4      | Reached XP level 7. HP: 41/58 MP: 9/9
  5333 | D:4      | XOM: harmless Necr miscast
  5355 | D:5      | Entered Level 5 of the Dungeon
  5494 | D:5      | XOM: 1-stop teleportation journey
  5537 | D:5      | XOM: mild Fire miscast
  5615 | D:5      | XOM: 3-stop teleportation journey
  5674 | D:5      | Got a jewelled longbow
  5675 | D:5      | Identified the +8 longbow of Foumam {venom, rElec rC- MR+++ SInv} (You found it on level 5 of the Dungeon)
  5940 | D:2      | XOM: harmless Tmut miscast
  6140 | D:5      | Found a white marble altar of Elyvilon.
  6275 | D:5      | Reached skill level 5 in Evocations
  6317 | D:5      | XOM: harmless Hex miscast
  6365 | D:5      | Reached skill level 1 in Bows
  6623 | D:6      | Reached skill level 2 in Bows
  6623 | D:6      | Reached XP level 8. HP: 51/64 MP: 10/12
  6640 | D:6      | XOM: summons 3 hostile shadow creatures
  6775 | D:6      | Noticed a two-headed ogre
  6945 | D:6      | XOM is BORED!
  6945 | D:6      | XOM: mild Conj miscast
  7122 | D:6      | XOM: god gift: ring mail {god gift}
  7161 | D:6      | XOM: scenery: 1 doors open, 1 doors close
  7222 | D:6      | Reached skill level 3 in Bows
  7414 | D:6      | XOM is BORED!
  7414 | D:6      | XOM: summons 4 hostile demons
  7423 | D:6      | XOM: scenery: create altars
  7446 | D:6      | XOM: harmless Conj miscast
  7664 | D:6      | Found a shimmering altar of Xom.
  7668 | D:6      | Found a shimmering altar of Xom.
  7735 | D:6      | Killed a two-headed ogre
  7735 | D:6      | Reached skill level 5 in Bows
  7735 | D:6      | Reached XP level 9. HP: 55/69 MP: 13/13
  7819 | D:7      | XOM: potion effect (might)
  7820 | D:7      | Reached skill level 6 in Bows
  7910 | D:7      | XOM: cast spell 'Summon Small Mammal'
  8047 | D:7      | XOM: divination: detect items
  8137 | D:7      | XOM: harmless Hex miscast
  8255 | D:7      | Got a steaming leather armour
  8266 | D:7      | Identified the +3 leather armour of Kaheus {rF++ Int+4} (You found it on level 7 of the Dungeon)
  8266 | D:7      | nice
  8271 | D:7      | XOM is BORED!
  8271 | D:7      | XOM: harmless Ice miscast
  8312 | D:7      | Reached skill level 7 in Bows
  8320 | D:7      | XOM: potion effect (heal wounds)
  8329 | D:7      | XOM: harmless Chrm miscast
  8339 | D:7      | XOM: divination: magic mapping
  8444 | D:7      | Found a sacrificial altar of Ru.
  8444 | D:7      | Found a glowing golden altar of the Shining One.
  8577 | D:7      | XOM: potion effect (might)
  8579 | D:7      | XOM: stat loss: -1 Dex (10/11)
  8622 | D:7      | XOM: stat loss: -1 Dex (10/11)
  9023 | D:7      | XOM: medium Fire miscast
  9286 | D:7      | XOM: noise
  9589 | D:8      | Reached skill level 8 in Bows
  9644 | D:8      | XOM: 1-stop teleportation journey
  9679 | D:8      | Noticed a komodo dragon
  9693 | D:8      | Killed a komodo dragon
  9867 | D:8      | XOM: mild Chrm miscast
 10151 | D:8      | Found Sesch's Antique Weapon Shoppe.
 10258 | D:8      | Reached skill level 9 in Bows
 10281 | D:8      | Noticed azzavlup's ghost (novice TrHu)
 10283 | D:8      | XOM: enchant monster (good)
 10285 | D:8      | XOM: scenery: create altars
 10511 | D:9      | Reached XP level 10. HP: 76/76 MP: 14/14
 10511 | D:9      | XOM: destruction
 10535 | D:8      | XOM is BORED!
 10535 | D:8      | XOM: harmless Fire miscast
 10895 | D:9      | Noticed a two-headed ogre
 10900 | D:9      | Killed a two-headed ogre
 10900 | D:9      | Reached skill level 10 in Bows
 10912 | D:9      | Noticed a two-headed ogre
 10917 | D:9      | Killed a two-headed ogre
 10970 | D:9      | Noticed a manticore
 10973 | D:9      | Killed a manticore
 10999 | D:9      | XOM: divination: magic mapping
 11000 | D:9      | Reached skill level 11 in Bows
 11007 | D:9      | XOM: cast spell 'Leda's Liquefaction'
 11012 | D:9      | XOM: fake destruction
 11018 | D:9      | XOM: summons 7 friendly demons
 11199 | D:9      | Found a staircase to the Lair.
 11211 | D:9      | Noticed a two-headed ogre
 11224 | D:9      | Killed a two-headed ogre
 11224 | D:9      | Reached XP level 11. HP: 57/81 MP: 15/15
 11278 | D:9      | XOM is BORED!
 11278 | D:9      | XOM: harmless Ice miscast
 11414 | D:9      | XOM: mild Chrm miscast
 11653 | D:9      | Found a radiant altar of Vehumet.
 11739 | D:9      | Found a sacrificial altar of Ru.
 11808 | D:9      | Reached skill level 12 in Bows
 11952 | D:9      | XOM: silly message
 12035 | D:9      | XOM: divination: detect items
 12116 | D:10     | Entered Level 10 of the Dungeon
 12219 | D:10     | Found a flagged portal.
 12239 | Bailey   | Entered a bailey
 12511 | Bailey   | XOM: harmless Air miscast
 12512 | Bailey   | Noticed an orc knight
 12520 | Bailey   | Killed an orc knight
 12522 | Bailey   | Noticed an orc knight
 12530 | Bailey   | Killed an orc knight
 12676 | D:10     | XOM: harmless Tloc miscast
 12773 | D:10     | XOM: harmless Erth miscast
 12785 | D:10     | Reached skill level 1 in Dodging
 12803 | D:10     | XOM: harmless Ice miscast
 12834 | D:10     | XOM: potion effect (agility)
 12910 | D:10     | Found a roughly hewn altar of Beogh.
 12974 | D:10     | Found Cacsit's Jewellery Emporium.
 12987 | D:10     | XOM is BORED!
 12987 | D:10     | XOM: silly message
 13053 | D:10     | Bought a +2 ring of slaying for 252 gold pieces
 13226 | D:10     | Found a staircase to the Orcish Mines.
 13343 | D:10     | XOM is BORED!
 13343 | D:10     | XOM: noise
 13649 | D:11     | Noticed a two-headed ogre
 13652 | D:11     | Killed a two-headed ogre
 13652 | D:11     | Reached skill level 5 in Dodging
 13717 | D:11     | Noticed an eight-headed hydra
 13720 | D:11     | Killed an eight-headed hydra
 13721 | D:11     | XOM: noise
 13817 | D:11     | XOM: god gift: 35 gold pieces {god gift}
 13846 | D:11     | Noticed an unseen horror
 13853 | D:11     | Killed an unseen horror
 13853 | D:11     | Reached XP level 12. HP: 88/88 MP: 16/16
 13924 | D:11     | XOM: enchant monster (bad)
 14402 | D:11     | XOM: medium Fire miscast
 14438 | D:11     | XOM: god gift: worn bone wand {god gift}
 14503 | D:11     | XOM: medium Hex miscast
 14916 | D:12     | XOM: 2-stop teleportation journey
 14918 | D:12     | XOM: butterfly on damage
 14941 | D:12     | XOM: enchant monster (bad)
 15001 | D:12     | Noticed EnegeticOcto's ghost (journeyman TrAM)
 15001 | D:12     | XOM: cleaving
 15175 | D:12     | XOM: summons 2 hostile demons
 15206 | D:12     | XOM: silly message
 15244 | D:12     | XOM: medium Hex miscast
 15245 | D:12     | XOM: butterfly on damage
 15245 | D:12     | XOM: smoke on damage
 15341 | D:11     | XOM is BORED!
 15341 | D:11     | XOM: summons 3 hostile shadow creatures
 15541 | Lair:1   | Entered Level 1 of the Lair of Beasts
 15705 | Lair:1   | XOM: mild Necr miscast
 15708 | Lair:1   | XOM: medium Air miscast
 15859 | Lair:1   | Got a fine whip
 15860 | Lair:1   | Identified the +2 whip "Car Woi" {slash, rElec rN++ Str-5 Int+3} (You found it on level 1 of the Lair of Beasts)
 16136 | Lair:1   | XOM: noise
 16439 | Lair:2   | Noticed Fannar
 16443 | Lair:2   | Noticed Fannar
 16443 | Lair:2   | Fannar changed into Fannar the anaconda
 16443 | Lair:2   | XOM: polymorph Fannar -> Fannar the anaconda
 16448 | Lair:2   | Mangled by Fannar the anaconda
